 Dungeon Crawl Stone Soup version 0.26.1-11-gd32895ea62 (webtiles) character file.

Game seed: 4909899661928816151

518 kodamatunes15 the Slasher (level 7, -3/46 HPs)
             Began as an Octopode Gladiator on May 26, 2021.
             Slain by an ogre
             ... wielding a +0 giant club
              (25 damage)
             ... on level 4 of the Dungeon on June 8, 2021.
             The game lasted 00:18:58 (2860 turns).

kodamatunes15 the Slasher (Octopode Gladiator)      Turns: 2860, Time: 00:18:59

Health: -3/46      AC:  1    Str: 13    XL:     7   Next: 21%
Magic:  7/7        EV: 15    Int: 12    God:
Gold:   217        SH:  0    Dex: 14    Spells: 6/6 levels left

rFire    . . .     SeeInvis .   n - +1 short sword (vamp)
rCold    . . .     Faith    .   (no shield)
rNeg     . . .     Spirit   .   b - +0 hat
rPois    .         Reflect  .   (no amulet)
rElec    .         Harm     .   (no ring)
rCorr    .         Rampage  .   (no ring)
Will     .....                  (no ring)
Stlth    ++++......             (no ring)
HPRegen  0.15/turn              (no ring)
MPRegen  0.10/turn              (no ring)
                                (no ring)
                                (no ring)

@: no status effects
A: almost no armour, stealthy swim, amphibious, 8 rings, constrict 8, camouflage
1, gelatinous body 1
a: no special abilities


You were on level 4 of the Dungeon.
You visited 1 branch of the dungeon, and saw 4 of its levels.

You collected 217 gold pieces.

Inventory:

Hand Weapons
 a - a +0 long sword
 k - a +1 dagger of draining
 n - a +1 vampiric short sword (weapon)
Missiles
 c - 3 throwing nets (quivered)
Armour
 b - a +0 hat (worn)
Jewellery
 l - an uncursed ring of protection from cold {unknown}
 m - a +4 ring of slaying {unknown}
Scrolls
 h - a scroll of magic mapping
Potions
 d - 3 potions of attraction {unknown}
 e - a potion of flight {unknown}
 f - a potion of brilliance {unknown}
 g - a potion of ambrosia {unknown}
 i - a potion of heal wounds {unknown}
 j - a potion of haste {unknown}


   Skills:
 + Level 3.2 Fighting
 + Level 2.2(4.1) Short Blades
 + Level 5.4(5.6) Long Blades
 + Level 2.2 Throwing
 + Level 4.2 Dodging
 + Level 4.1 Stealth


You had 6 spell levels left.
You didn't know any spells.
Your spell library was empty.

Dungeon Overview and Level Annotations

Branches:
Dungeon (4/15)
 Temple: D:4-7

Altars:


Innate Abilities, Weirdness & Mutations

You cannot wear most types of armour.
You are very stealthy in the water. (Stealth+)
You are amphibious.
You can wear up to eight rings at the same time.
You can use your tentacles to constrict eight enemies at once.
Your skin changes colour to match your surroundings (Stealth+).
Your rubbery body absorbs attacks. (AC +1, EV +1)


Message History

The howler monkey is almost dead.
The howler monkey hits you!
You barely miss the howler monkey. Your grab misses the howler monkey.
You squeeze the howler monkey.
You kill the howler monkey!
An ogre comes into view. It is wielding a +0 giant club.
An ogre is nearby!
An ogre is nearby!
The ogre shouts!
You hit the ogre.
You feel better.
The ogre is lightly wounded.
The ogre misses you. The ogre misses you.
The ogre hits you with a +0 giant club!!
You hit the ogre.
The ogre is lightly wounded.
An adder skeleton comes into view.
The ogre hits you with a +0 giant club!!
Ouch! That really hurt!
You die...

#.##......# #.#
###.#Z.##.### #.#
#.......#.# #.#
#.#.##..#.# #.#
#....#..#.# #.#
#.#..#..#.# #.#
#.##.#..#.# #.# #.
.#O.#.# #.#
######.@#.#####.##
..................#
####.....#.########
#.###.#.# #. #.#.#
# #.#.# #.#.. #.#.#
###


You could see an ogre and an adder skeleton (wandering).

Vanquished Creatures
  Sigmund (D:3)
  An ogre (D:4)
  A howler monkey (D:4)
  2 orc priests
  A hound (D:4)
  Jessica (D:2)
  An iguana (D:4)
  3 adders
  A worm (D:2)
  2 dart slugs
  3 leopard geckos
  5 orcs
  A ball python (D:1)
  7 bats
  4 giant cockroaches
  7 goblins
  10 hobgoblins
  A quokka (D:4)
  2 frilled lizards
  5 kobolds
  8 rats
67 creatures vanquished.

Notes
Turn   | Place    | Note
-------+----------+-------------------------------------------
     0 | D:1      | kodamatunes15 the Octopode Gladiator began the quest for
                  | the Orb.
     0 | D:1      | Reached XP level 1. HP: 14/14 MP: 1/1
   239 | D:1      | Reached XP level 2. HP: 18/19 MP: 2/2
   620 | D:1      | Reached XP level 3. HP: 24/24 MP: 3/3
  1090 | D:2      | Noticed Jessica
  1094 | D:2      | Killed Jessica
  1095 | D:2      | Reached skill level 1 in Stealth
  1095 | D:2      | Reached XP level 4. HP: 29/29 MP: 4/4
  1131 | D:2      | Reached skill level 4 in Long Blades
  2085 | D:3      | Reached XP level 5. HP: 29/35 MP: 5/5
  2326 | D:3      | Noticed Sigmund
  2334 | D:3      | Killed Sigmund
  2335 | D:3      | Reached skill level 1 in Short Blades
  2335 | D:3      | Reached skill level 5 in Long Blades
  2335 | D:3      | Reached XP level 6. HP: 34/41 MP: 6/6
  2747 | D:4      | Reached XP level 7. HP: 36/46 MP: 7/7
  2860 | D:4      | Slain by an ogre

Illustrated notes

Levels and vault maps discovered:
D:1:      saegor_arrival_miasma, layout_loops_corners
D:2:      layout_basic, uniq_jessica
D:3:      layout_rooms, uniq_sigmund
D:4:      layout_basic

Skill      XL: |  1  2  3  4  5  6  7 |
---------------+----------------------+-----
Stealth        | 1 2 3 4 |  4.1
Long Blades    | 4 5 |  5.4
Short Blades   | 1 2 |  2.2
Dodging        | 4 |  4.2
Fighting       | 3 |  3.2
Throwing       | |  2.2

Action                   |  1- 3 |  4- 6 |  7- 9 || total
-------------------------+-------+-------+-------++-------
Melee: Long sword        |    40 |    22 |       ||    62
       Constrict         |    15 |    19 |     3 ||    37
       Tentacles         |    12 |    20 |     2 ||    34
       Dagger            |       |    52 |     4 ||    56
       Short sword       |       |       |    11 ||    11
  Use: Scroll            |     2 |     5 |       ||     7
 Stab: Sleeping          |     5 |     4 |       ||     9
Armor: Skin              |     7 |     5 |       ||    12
Dodge: Dodged            |    38 |    54 |    10 ||   102
       Rpst.: Long sword |    10 |     8 |       ||    18
